 Dungeon Crawl Stone Soup version 0.30-a0-1050-g2766ea1e55 (webtiles) character file.

Game seed: 4164046860514756179

12653 Dirtsage the Grappler (level 11, -11/90 HPs)
             Began as a Demonspawn Berserker on Apr 10, 2023.
             Was an Elder of Trog.
             Mangled by a fire crab (shapeshifter) (21 damage)
             ... on level 13 of the Dungeon.
             The game lasted 00:20:05 (8875 turns).

Dirtsage the Grappler (Demonspawn Berserker)        Turns: 8875, Time: 00:20:06

Health: -11/90     AC: 11    Str: 21    XL:     11   Next: 65%
Magic:  0/20       EV: 11    Int: 10    God:    Trog [****..]
Gold:   441        SH:  8    Dex: 18    Spells: 10/10 levels left

rFire   x . .      SeeInvis .      - Unarmed
rCold   + . .      Faith    .    M - +3 buckler of the Ladybird {rElec Will+}
rNeg    . . .      Spirit   +    o - +0 ring mail
rPois   .          Reflect  .    y - +2 helmet
rElec   +          Rampage  .    (no cloak)
rCorr   .                        (no gloves)
Will    +....                    H - +1 pair of boots "Lyocuoda" {MP+9}
Stlth   +                        e - amulet of regeneration
HPRegen 1.15/turn                O - ring of ice
MPRegen 0.34/turn                J - +6 ring of dexterity

@: about to teleport, on berserk cooldown, slowed, very slow
A: claws 1, hooves 2, powered by death 1, magic shield, magic regeneration,
weakness stinger 1
a: Renounce Religion, Berserk, Trog's Hand, Brothers in Arms


You were on level 13 of the Dungeon.
You worshipped Trog.
Trog was greatly pleased with you.
You visited 2 branches of the dungeon, and saw 12 of its levels.
You also visited: Ossuary.

You collected 573 gold pieces.
You spent 132 gold pieces at shops.

Inventory:

Hand Weapons
 a - a +0 hand axe
Missiles
 N - a throwing net (quivered)
Armour
 j - a +0 plate armour
 o - a +0 ring mail (worn)
 v - a +0 pair of gloves
 y - a +2 helmet (worn)
 H - the +1 pair of boots "Lyocuoda" (worn) {MP+9}
   (You found it on level 4 of the Dungeon)

   MP:        It affects your magic capacity (+9).
 M - the +3 buckler of the Ladybird (worn) {rElec Will+}
   (You found it on level 9 of the Dungeon)

   rElec:     It insulates you from electricity.
   Will:      It increases your willpower.
Jewellery
 e - an amulet of regeneration (around neck)
 s - an amulet of magic regeneration
 F - a ring of protection from fire
 J - a +6 ring of dexterity (right claw)
 O - a ring of ice (left claw)
Wands
 D - a wand of digging (10)
 G - a wand of flame (22)
 L - a wand of iceblast (3)
Scrolls
 d - 4 scrolls of magic mapping
 g - 4 scrolls of fear
 i - 6 scrolls of identify
 m - 5 scrolls of immolation
 p - 2 scrolls of torment
 t - 5 scrolls of teleportation
 u - a scroll of poison {unknown}
 x - 2 scrolls of vulnerability
 B - 2 scrolls of blinking
 E - 2 scrolls of enchant armour
 I - 4 scrolls of silence
Potions
 b - 4 potions of brilliance {unknown}
 c - 2 potions of mutation {unknown}
 f - 4 potions of attraction {unknown}
 h - a potion of cancellation {unknown}
 k - 2 potions of haste {unknown}
 l - 5 potions of heal wounds
 n - 2 potions of invisibility {unknown}
 q - 6 potions of curing
 r - 6 potions of flight
 w - a potion of berserk rage {unknown}
 z - 2 potions of might {unknown}
 A - 4 potions of lignification {unknown}
 C - a potion of magic {unknown}
 K - 2 potions of resistance {unknown}


   Skills:
 + Level 9.9 Fighting
 - Level 3.2 Axes
 + Level 4.6 Armour
 - Level 1.7 Dodging
 + Level 4.0 Shields
 * Level 13.3 Unarmed Combat
 + Level 2.0 Evocations


You had 10 spell levels left.
You didn't know any spells.
Your spell library contained the following spells:

 Spells                   Type           Power      Damage    Failure   Level
 Slow                     Hex            0%         N/A       61%         1
 Ensorcelled Hibernation  Hex/Ice        0%         N/A       75%         2
 Passwall                 Tmut/Erth      0%         N/A       75%         2
 Static Discharge         Conj/Air       0%         2-2/arc   75%         2
 Confusing Touch          Hex            0%         N/A       93%         3
 Ignite Poison            Fire/Tmut/Pois 0%         N/A       93%         3
 Stone Arrow              Conj/Erth      0%         3d7       93%         3
 Swiftness                Air            0%         N/A       93%         3
 Tukima's Dance           Hex            0%         N/A       93%         3
 Vampiric Draining        Necr           0%         2d6       93%         3
 Vhi's Electric Charge    Tloc/Air       0%         N/A       93%         3
 Animate Armour           Summ/Erth      0%         N/A       100%        4
 Passage of Golubria      Tloc           0%         N/A       100%        4
 Sticky Flame             Conj/Fire      0%         2d3       100%        4
 Arcjolt                  Conj/Air       0%         1d10      100%        5
 Yara's Violent Unravell  Hex/Tmut       0%         3d3       100%        5
 Conjure Ball Lightning   Conj/Air       0%         3x3d6     100%        6
 Ignition                 Fire           0%         3d3       100%        8
 Lehudib's Crystal Spear  Conj/Erth      0%         10d2      100%        8
 Maxwell's Capacitive Co  Air            0%         ∞         100%        8


Dungeon Overview and Level Annotations

Branches:
Dungeon (10/15)            Temple (1/1) D:6             Orc (0/2) D:9
Ossuary (visited)
   Lair: D:8-11

Altars:
Ashenzari
Cheibriados
Dithmenos
Fedhas
Hepliaklqana
Kikubaaqudgha
Makhleb
Nemelex Xobeh
Okawaru
Qazlal
Ru
Sif Muna
Trog
Vehumet
Wu Jian
Xom
Yredelemnul

Shops:
D:5 !


Innate Abilities, Weirdness & Mutations

You have sharp fingernails.
You have hoof-like feet.
You regenerate a little health from kills.
When hurt, damage is shared between your health and your magic reserves.
You regenerate magic rapidly.
You have a small tail.


Message History

You mangle the cyan ugly thing!!
You kill the cyan ugly thing!
Trog accepts your kill.
Your Shields skill increases to level 4!
Your Evocations skill increases to level 2!
You regained 2 hp, and now have 124/135 hp.
You feel a strong urge to attack something.
A fire crab comes into view.
MP restored: 20 You are no longer berserk.
You are exhausted.
You feel yourself slow down.
You now have 86/90 hp.
The fire crab bites you but does no damage.
The fire crab claws you but does no damage.
You see here an ugly thing corpse.
You barely miss the fire crab. You block the fire crab's attack.
The fire crab barely misses you.
You regained 2 hp, and now have 89/90 hp.
You scratch the fire crab but do no damage.
The fire crab bites you.
You are engulfed in flames!!
The fire burns you terribly! You block the fire crab's attack.
You take 22 damage, and have 67/90 hp.
MASSIVE DAMAGE!!
You now have 15/20 mp.
You mangle the fire crab!!
The fire crab is moderately wounded.
The fire crab breathes flames at you.
The blast of flame engulfs you but does no damage.
You scratch the fire crab but do no damage.
The fire crab is moderately wounded.
You are engulfed in blazing flames.
The fire crab bites you but does no damage.
The fire crab barely misses you.
You take 18 damage, and have 50/90 hp.
You now have 10/20 mp.
As you read the scroll of teleportation, it crumbles to dust.
You feel strangely unstable.
You are engulfed in blazing flames.
* * * LOW HITPOINT WARNING * * *
The fire crab bites you!
* * * LOW HITPOINT WARNING * * *
You are engulfed in flames!!
The fire burns you terribly!
You die...

#.[.####
###....#
####.# #.#
#.# #(# #(###
#.°°# ###@#
#..°°°t...#
#.###°#°#...#
#.#.# ## #..
. ### #. .# #


You could see a fire crab.

Vanquished Creatures
  Harold (D:9)
  Erolcha (D:9)
  2 two-headed ogres
  A centaur warrior (D:10)
  The ghost of makewrite the Cleaver, a novice HOFi of Makhleb (D:8)
  Urug (D:10)
  2 ugly things
  A manticore (D:7)
  2 trolls
  A hornet (D:8)
  A vampire (D:13)
  Sigmund (D:5)
  9 yaks
  A vampire mosquito (D:7)
  3 steam dragons
  Duvessa (D:5)
  Edmund (D:6)
  A water moccasin (D:9)
  3 ogres
  2 orc warriors
  An ice beast (D:6)
  A sky beast (D:7)
  3 black bears
  4 centaurs
  3 phantoms
  2 kobold brigands
  5 bullfrogs
  A gnoll sergeant (D:4)
  4 scorpions
  Dowan (D:5)
  14 wights
  7 killer bees
  2 howler monkeys
  3 gnoll boudas
  A human zombie (Ossuary)
  5 jellies
  3 hounds
  2 orc priests
  Jessica (D:3)
  A sleepcap (D:6)
  4 orc wizards
  5 iguanas
  4 mummies (Ossuary)
  10 adders
  8 gnolls
  2 shadow imps
  A white imp (D:5)
  A worm (D:2)
  5 dart slugs
  23 orcs
  A bat (D:2)
  7 endoplasms
  4 giant cockroaches
  A gnoll zombie (Ossuary)
  8 goblins
  10 hobgoblins
  7 jackals (D:3)
  22 kobolds
  5 quokkas
  8 ball pythons
  2 frilled lizards (D:2)
  4 goblin zombies (Ossuary)
  2 kobold zombies (Ossuary)
  6 rats
250 creatures vanquished.

Vanquished Creatures (others)
  A shadow imp (D:7)
  38 plants
  2 withered plants (D:8)
41 creatures vanquished.

Grand Total: 291 creatures vanquished

Notes
Turn   | Place    | Note
-------+----------+-------------------------------------------
     0 | D:1      | Dirtsage the Demonspawn Berserker began the quest for the
                  | Orb.
     0 | D:1      | Reached XP level 1. HP: 18/18 MP: 1/1
   172 | D:1      | Got Sif Muna's Precepts of Electricity
   223 | D:1      | Discovered your monstrous ancestry.
   223 | D:1      | Gained mutation: You have large cloven feet. [demonic
                  | ancestry]
   223 | D:1      | Reached XP level 2. HP: 24/24 MP: 2/2
   278 | D:1      | Found a faded altar of an unknown god.
   437 | D:1      | Reached skill level 1 in Unarmed Combat
   751 | D:2      | Gained mutation: You regenerate magic rapidly. [demonic
                  | ancestry]
   751 | D:2      | Reached XP level 3. HP: 29/29 MP: 3/3
   769 | D:2      | Reached ** piety under Trog
   791 | D:2      | Reached skill level 2 in Unarmed Combat
   913 | D:2      | Found a sparkling altar of Nemelex Xobeh.
  1355 | D:3      | Noticed a scorpion
  1361 | D:3      | Killed a scorpion
  1362 | D:3      | Reached skill level 3 in Unarmed Combat
  1362 | D:3      | Reached XP level 4. HP: 35/35 MP: 4/4
  1516 | D:3      | Reached XP level 5. HP: 41/41 MP: 5/5
  1520 | D:3      | Reached skill level 4 in Unarmed Combat
  2106 | D:3      | Reached skill level 5 in Unarmed Combat
  2246 | D:3      | Noticed Jessica
  2256 | D:3      | Killed Jessica
  2257 | D:3      | Gained mutation: You have a small tail. [demonic ancestry]
  2257 | D:3      | Reached XP level 6. HP: 47/47 MP: 6/6
  2681 | D:4      | Reached skill level 6 in Unarmed Combat
  2686 | D:4      | Gained mutation: When hurt, damage is shared between your
                  | health and your magic reserves. [demonic ancestry]
  2686 | D:4      | Reached XP level 7. HP: 52/52 MP: 7/7
  2753 | D:4      | Reached *** piety under Trog
  3014 | D:4      | Identified the +1 pair of boots "Lyocuoda" {MP+9}
  3164 | D:5      | Entered Level 5 of the Dungeon
  3246 | D:5      | Noticed Duvessa
  3246 | D:5      | Noticed Dowan
  3255 | D:5      | Killed Duvessa
  3256 | D:5      | Reached skill level 7 in Unarmed Combat
  3257 | D:5      | Killed Dowan
  3353 | D:5      | Noticed Sigmund
  3362 | D:5      | Killed Sigmund
  3363 | D:5      | Gained mutation: You have sharp fingernails. [demonic
                  | ancestry]
  3363 | D:5      | Reached XP level 8. HP: 61/61 MP: 8/8
  3570 | D:5      | Reached skill level 5 in Fighting
  3753 | D:5      | Reached skill level 8 in Unarmed Combat
  3961 | D:5      | Found Gaegeoja's Distillery.
  3966 | D:5      | Bought a potion of flight for 36 gold pieces
  3966 | D:5      | Bought a potion of curing for 36 gold pieces
  3966 | D:5      | Bought a potion of heal wounds for 60 gold pieces
  4795 | D:6      | Reached skill level 9 in Unarmed Combat
  4886 | D:6      | Noticed a rust devil
  4928 | D:6      | Identified the +3 flail of the Queen {heavy, Int+6 SInv}
  4970 | D:6      | Gained mutation: You have hoof-like feet. [demonic
                  | ancestry]
  4970 | D:6      | Reached XP level 9. HP: 70/70 MP: 9/9
  5066 | D:6      | Noticed Edmund
  5075 | D:6      | Killed Edmund
  5091 | D:6      | Found a staircase to the Ecumenical Temple.
  5153 | Temple   | Entered the Ecumenical Temple
  5234 | D:6      | Reached **** piety under Trog
  5298 | D:6      | Noticed an angel
  5655 | D:7      | Found a sand-covered staircase.
  5664 | Ossuary  | Entered an ossuary
  6059 | D:7      | Reached skill level 10 in Unarmed Combat
  6076 | D:7      | Noticed a troll
  6082 | D:7      | Killed a troll
  6332 | D:7      | Reached skill level 11 in Unarmed Combat
  6405 | D:7      | Noticed a manticore
  6407 | D:7      | Reached XP level 10. HP: 80/80 MP: 10/10
  6410 | D:7      | Killed a manticore
  7078 | D:8      | Found a runed translucent door.
  7078 | D:8      | Noticed makewrite's ghost (novice HOFi)
  7124 | D:8      | Reached skill level 12 in Unarmed Combat
  7337 | D:8      | Reached skill level 1 in Shields
  7589 | D:8      | Killed makewrite's ghost
  7590 | D:8      | Identified the +1 dagger of Keocvankimn {freeze, rCorr}
  7630 | D:9      | Noticed Erolcha
  7641 | D:9      | Killed Erolcha
  7693 | D:9      | Identified the +3 buckler of the Ladybird {rElec Will+}
  7838 | D:9      | Found a staircase to the Orcish Mines.
  7917 | D:9      | Noticed Harold
  7928 | D:9      | Killed Harold
  7929 | D:9      | Gained mutation: You regenerate a little health from kills.
                  | [demonic ancestry]
  7929 | D:9      | Reached XP level 11. HP: 89/89 MP: 11/11
  8299 | D:9      | Noticed a two-headed ogre
  8305 | D:9      | Killed a two-headed ogre
  8471 | D:10     | Entered Level 10 of the Dungeon
  8494 | D:10     | Noticed a two-headed ogre
  8504 | D:10     | Killed a two-headed ogre
  8558 | D:10     | Noticed Urug
  8566 | D:10     | Killed Urug
  8567 | D:10     | Reached skill level 13 in Unarmed Combat
  8639 | D:10     | Noticed a white ugly thing
  8649 | D:10     | Killed a white ugly thing
  8650 | D:10     | Reached skill level 1 in Evocations
  8686 | D:10     | Noticed a centaur warrior
  8695 | D:10     | Killed a centaur warrior
  8753 | D:10     | You fall into a shaft and drop 3 floors!
  8856 | D:13     | Noticed a cyan ugly thing
  8866 | D:13     | Killed a cyan ugly thing
  8868 | D:13     | Noticed a fire crab
  8875 | D:13     | Mangled by a fire crab (shapeshifter)

Illustrated notes

Levels and vault maps discovered:
D:1:      lemuel_arrival_funnel, layout_basic,
          hellmonk_ecumenical_altar_blasted, hangedman_decor_clover_reticule
D:2:      layout_loops_ring, basic_altar, lexackson_kobold_supper
D:3:      layout_basic, serial_bayou_pond_b, grunt_ministairs_7, uniq_jessica
D:4:      layout_basic, minmay_fractal_squares_diagonal_5
D:5:      layout_layer_cave, serial_shops, nicolae_shop_hallway_stairs,
          minmay_misc_feat_tower, sigmund_army, uniq_sigmund, uniq_duvessa
D:6:      layout_cave_pods, temple_garden, nicolae_fountain_basement,
          uniq_edmund
D:7:      kennysheep_windowed_halls, layout_loops_ring, enter_ossuary_1,
          hangedman_decor_points, glass_columns_c, chequers_decorated_corner
D:8:      layout_basic, gammafunk_ghost_grave, corexii_checkpoint_a
D:9:      layout_roguey, orc_0_dummy, uniq_erolcha, uniq_harold
D:10:     layout_stronghold, gammafunk_temple_overflow_claw, enter_bailey_2,
          uniq_urug
D:13:     layout_basic, uniq_jorgrun
Temple:   hellmonk_temple_of_storms

Skill      XL: |  1  2  3  4  5  6  7  8  9 10 11 |
---------------+----------------------------------+-----
Axes           | 3 |  3.2
Unarmed Combat | 1 3 5 6 7 9 11 12 13 | 13.3
Fighting       | 4 6 8 9 |  9.9
Armour         | 3 4 |  4.6
Shields        | 2 4 |  4.0
Evocations     | 2 |  2.0
Dodging        | |  1.7

Action                     |  1- 3 |  4- 6 |  7- 9 | 10-12 || total
---------------------------+-------+-------+-------+-------++-------
  Melee: Hand axe          |   105 |       |       |       ||   105
         Kick              |    19 |    30 |     4 |       ||    53
         Unarmed           |     3 |   142 |   340 |   205 ||   690
         Punch             |       |     2 |    16 |     9 ||    27
         Tailslap          |       |     1 |    54 |    34 ||    89
  Throw: Throwing net      |       |       |       |     1 ||     1
 Invoke: Berserk           |     1 |     6 |    13 |    14 ||    34
  Evoke: Wand              |       |       |       |     4 ||     4
    Use: Scroll            |       |       |     9 |     1 ||    10
 Armour: Animal skin       |     6 |       |       |       ||     6
         Ring mail         |    23 |    41 |   146 |    63 ||   273
  Dodge: Dodged            |    45 |    66 |   181 |   104 ||   396
  Block: Buckler           |       |       |       |    26 ||    26

Table legend: (Time is in decaauts)
 A = Elapsed time spent in this place.
 B = Non-inter-level travel time spent in this place.
 C = Inter-level travel time spent in this place.
 D = Time resting spent in this place.
 E = Time spent auto-exploring this place.
 F = Levels seen in this place.
 G = Mean time per level.
                   A        B        C        D        E       F      G
               +--------+--------+--------+--------+--------+-----+--------+
         Total |   9099 |   8649 |    450 |   1790 |   5269 |  13 |  699.9 |
       Dungeon |   8803 |   8359 |    444 |   1745 |   5107 |  11 |  800.3 |
        Temple |     39 |     33 |      6 |      0 |     18 |   1 |   39.0 |
       Ossuary |    256 |    256 |      0 |     44 |    144 |   1 |  256.0 |
               +--------+--------+--------+--------+--------+-----+--------+

Top non-repeatable levels by time:
     D:7: 1323 daAuts
     D:6: 1277 daAuts
     D:5: 1175 daAuts
     D:3: 1027 daAuts
     D:4: 878 daAuts
     D:9: 877 daAuts
     D:2: 698 daAuts
     D:1: 666 daAuts
     D:8: 437 daAuts
    D:10: 316 daAuts
 Ossuary: 256 daAuts
    D:13: 124 daAuts
  Temple: 39 daAuts
